 Dungeon Crawl Stone Soup version 0.28.0-53-g5a82cb258f (webtiles) character file.

Game seed: 11760598315203475629

142292 concernfroge the Eclecticist (level 16, -2/97 HPs)
             Began as a Deep Elf Conjurer on June 25, 2022.
             Was the Champion of Vehumet.
             Hit by a javelin thrown by a merfolk javelineer (22 damage)
             ... on level 3 of the Shoals.
             The game lasted 04:27:57 (39727 turns).

concernfroge the Eclecticist (Deep Elf Conjurer)   Turns: 39727, Time: 04:27:58

Health: -2/97      AC: 13    Str: 11    XL:     16   Next: 80%
Magic:  15/38      EV: 19    Int: 34    God:    Vehumet [******]
Gold:   229        SH:  0    Dex: 16    Spells: 3/47 levels left

rFire   . . .      SeeInvis +   p - staff of conjuration
rCold   + . .      Faith    .   (no shield)
rNeg    + . .      Spirit   .   l - +0 steam dragon scales
rPois   .          Reflect  .   T - +0 hat of Seocsua {rN+ Int+2 Dex+3}
rElec   .          Harm     .   c - scarf {shadows}
rCorr   +          Rampage  .   y - +0 pair of gloves of Freedom {rC+}
Will    +....                   E - +2 pair of boots
Stlth   ++........              (no amulet)
HPRegen 0.26/turn               Q - ring "Rierurch" {AC+4 Str+7 SInv}
MPRegen 0.26/turn               S - ring of resist corrosion

@: no status effects
A: no striking features
a: Renounce Religion


You were on level 3 of the Shoals.
You worshipped Vehumet.
Vehumet was exalted by your worship.
You visited 5 branches of the dungeon, and saw 27 of its levels.
You also visited: Ossuary, Bailey and Gauntlet.

You collected 2938 gold pieces.
You spent 2709 gold pieces at shops.

Inventory:

Missiles
 a - 4 throwing nets
Armour
 c - a scarf of shadows (worn)
 l - +0 steam dragon scales (worn)
 y - the +0 pair of gloves of Freedom (worn) {rC+}
   (You found it in a bailey)

   rC:        It protects you from cold.
 z - a scarf of invisibility
 C - a +1 cloak
 E - a +2 pair of boots (worn)
 T - the +0 hat of Seocsua (worn) {rN+ Int+2 Dex+3}
   (You found it in a Gauntlet)

   Int:       It affects your intelligence (+2).
   Dex:       It affects your dexterity (+3).
   rN:        It protects you from negative energy.
Magical Staves
 p - a staff of conjuration (weapon)
Jewellery
 D - a ring of fire
 Q - the ring "Rierurch" (left hand) {AC+4 Str+7 SInv}
   (You found it on level 2 of the Lair of Beasts)

   [ring of protection]

   AC:        It affects your AC (+4).
   Str:       It affects your strength (+7).
   SInv:      It lets you see invisible.
 S - a ring of resist corrosion (right hand)
Wands
 h - a wand of digging (9)
 o - a wand of paralysis (6)
 r - a wand of flame (37) (quivered)
 x - a wand of iceblast (5)
 A - a wand of polymorph (6)
 H - a wand of charming (7)
Scrolls
 e - 3 scrolls of fog
 g - a scroll of fear
 m - 2 scrolls of immolation
 q - 2 scrolls of teleportation
 s - 3 scrolls of amnesia
 t - 2 scrolls of holy word
 w - a scroll of vulnerability
 B - a scroll of enchant armour
 K - 8 scrolls of identify
 M - 2 scrolls of magic mapping
 N - 4 scrolls of enchant weapon
 O - a scroll of silence
 P - 2 scrolls of summoning
Potions
 b - 7 potions of cancellation
 d - 5 potions of might
 f - 7 potions of haste
 i - a potion of ambrosia
 j - 7 potions of brilliance
 k - 4 potions of flight
 n - 5 potions of curing
 v - 4 potions of mutation
 G - a potion of invisibility
 J - a potion of magic
Miscellaneous
 u - a lightning rod (4/4)
 F - a tin of tremorstones (2/2)
 W - a piece from Xom's chessboard (15/15)


   Skills:
 - Level 10.0 Fighting
 - Level 12.0 Staves
 - Level 12.0 Dodging
 - Level 2.4 Stealth
 + Level 16.0 Spellcasting
 - Level 13.5 Conjurations
 - Level 11.6 Hexes
 + Level 14.4 Translocations
 - Level 10.0 Evocations


You had 3 spell levels left.
You knew the following spells:

 Your Spells              Type           Power      Damage    Failure   Level
a - Magic Dart            Conj           100%       1d8       0%          1
b - Searing Ray           Conj           100%       2d8       0%          2
c - Blink                 Tloc           100%       N/A       0%          2
d - Fulminant Prism       Conj/Hex       53%        3d23      1%          4
e - Iskenderun's Mystic   Conj/Tloc      100%       2d19      1%          4
f - Apportation           Tloc           100%       N/A       0%          1
g - Orb of Destruction    Conj           54%        9d14      1%          7
h - Iskenderun's Battles  Conj           100%       2d15      1%          5
i - Disjunction           Tloc           45%        N/A       26%         8
j - Passage of Golubria   Tloc           90%        N/A       1%          4
k - Slow                  Hex            100%       N/A       0%          1
l - Yara's Violent Unrav  Hex/Tmut       30%        3d13      1%          5

Your spell library contained the following spells:

 Spells                   Type           Power      Damage    Failure   Level
 Starburst                Conj/Fire      41%        6d12      4%          6
 Lesser Beckoning         Tloc           90%        N/A       0%          3
 Sandblast                Erth           54%        2d13      1%          1
 Sting                    Tmut/Pois      100%       1d8       1%          1
 Ensorcelled Hibernation  Hex/Ice        100%       N/A       1%          2
 Poisonous Vapours        Pois/Air       54%        N/A       1%          2
 Scorch                   Fire           54%        2d8       1%          2
 Confusing Touch          Hex            82%        N/A       1%          3
 Dazzling Flash           Conj/Hex       100%       N/A       1%          3
 Inner Flame              Hex/Fire       61%        N/A       1%          3
 Portal Projectile        Hex/Tloc       100%       N/A       1%          3
 Stone Arrow              Conj/Erth      100%       3d13      1%          3
 Passwall                 Tmut/Erth      22%        N/A       2%          2
 Spider Form              Tmut/Pois      27%        N/A       4%          3
 Vampiric Draining        Necr           27%        2d7       4%          3
 Anguish                  Hex/Necr       30%        N/A       1%          4
 Flame Wave               Conj/Fire      83%        2d14      1%          4
 Fireball                 Conj/Fire      41%        3d17      1%          5
 Lightning Bolt           Conj/Air       41%        1d60      1%          5
 Manifold Assault         Tloc           90%        N/A       1%          5
 Airstrike                Air            13%        N/A       4%          4
 Olgreb's Toxic Radiance  Pois           27%        N/A       4%          4
 Conjure Ball Lightning   Conj/Air       41%        3x3d13    4%          6
 Summon Lightning Spire   Summ/Air       27%        N/A       14%         4
 Alistair's Intoxication  Tmut/Pois      18%        N/A       36%         5
 Blade Hands              Tmut           13%        N/A       36%         5
 Excruciating Wounds      Necr           13%        N/A       36%         5
 Malign Gateway           Summ/Tloc      33%        N/A       54%         7
 Summon Cactus Giant      Summ           13%        N/A       91%         6


Dungeon Overview and Level Annotations

Branches:
Dungeon (15/15)            Temple (1/1) D:4            Lair (6/6) D:11
 Shoals (3/4) Lair:3        Snake (0/4) Lair:3        Slime (0/5) Lair:6
    Orc (2/2) D:9             Elf (0/3) Orc:2        Vaults (0/5) D:13
 Depths (0/4) D:15        Ossuary (visited)          Bailey (visited)
Gauntlet (visited)

Altars:
Ashenzari
Cheibriados
Dithmenos
Elyvilon
Fedhas
Gozag
Hepliaklqana
Kikubaaqudgha
Makhleb
Nemelex Xobeh
Okawaru
Qazlal
Ru
Sif Muna
Trog
Uskayaw
Vehumet
Wu Jian
Xom
Yredelemnul
Zin
The Shining One
Beogh
Jiyva

Shops:
D:4 (   D:9 *   Orc:2 *?(:   Shoals:2 [[:(*

Annotations:
D:12 2 transporters
Lair:6 1 runed translucent door
Shoals:3 Ilsuiw


Message History

Your battlesphere fires!
The barrage of energy hits the merfolk javelineer!!
The merfolk javelineer is moderately wounded.
The merfolk javelineer throws a javelin.
The javelin pierces through you!!
As you read the scroll of fear, it crumbles to dust.
You assume a fearsome visage.
Ilsuiw resists with almost no effort.
The merfolk javelineer resists with almost no effort. x2
The merfolk javelineer throws a javelin.
The javelin barely misses you.
The merfolk javelineer throws a javelin.
The javelin pierces through you!
* * * LOW HITPOINT WARNING * * *
As you read the scroll of summoning, it crumbles to dust.
Wisps of shadow whirl around you...
The orb of destruction hits the merfolk javelineer!!!!
You blow up the merfolk javelineer!
Vehumet accepts your kill.
You feel your power returning.
You hear a splash. x3
Ilsuiw casts a spell.
Ilsuiw flickers and vanishes for a moment.
The merfolk javelineer throws a javelin.
The javelin pierces through your harpy!!
The javelin completely misses you. What are your orders? t - Shout!
Orders for allies: a - Attack new target. r - Retreat! s - Stop attacking. g - Guard the area. f - Follow me.
Anything else - Cancel.
Gang up on whom?
Press: ? - help, Dir - move target, f - Ilsuiw
Aim: Ilsuiw, wielding a +2 trident of freezing and wearing a +0 robe (slightly transparent, ally target) Attack!
The merfolk javelineer throws a javelin.
The javelin pierces through your harpy!!
The javelin pierces through your battlesphere!!
The javelin pierces through you!!
You die...

≈≈≈≈..)..≈.....≈≈......# ..≈
.≈≈≈....)..≈...≈≈....≈.###.≈≈≈
.≈........≈≈≈≈≈≈≈≈≈≈≈≈≈...≈≈≈≈≈
....≈≈≈≈≈≈≈≈≈≈≈≈≈≈≈≈.≈≈≈≈≈≈≈
c○°≈≈≈≈≈≈≈≈≈≈≈≈≈≈≈≈≈≈≈≈≈≈≈≈≈
....≈≈≈≈≈≈≈≈≈≈≈≈..≈...≈≈≈≈≈≈
.##..≈≈(≈)≈≈≈≈≈...≈...≈≈≈≈≈≈
#.###.≈≈≈≈≈≈≈H.≈≈≈≈≈≈...≈≈≈≈≈≈≈
.....≈≈≈≈≈≈≈≈*@.≈≈.≈≈.*..≈≈≈≈≈≈
.[≈...≈≈≈≈≈≈○HH≈....≈.#..≈≈≈≈≈≈
..≈≈≈≈≈≈)H°○HH≈..##..#...≈≈≈≈≈≈
...≈≈≈≈≈m.m≈≈≈...#####...≈≈≈≈≈≈
.≈.≈≈≈≈....≈..≈.....#....≈≈≈≈≈≈
≈≈≈.....##....≈≈.........≈≈≈≈≈≈
≈≈.....####....≈≈.......≈≈≈≈≈≈≈
≈≈≈....## #....(...≈≈..≈≈≈≈≈≈≈≈
≈.≈≈..[.###....≈...≈...≈≈≈≈≈≈≈≈


You could see Ilsuiw (invisible, ally target), a merfolk javelineer, a friendly
manticore (summoned), 5 friendly harpies and a friendly battlesphere.

Vanquished Creatures
  Saint Roka (Orc:2)
  Jorgrun (D:14)
  Kirke (Shoals:2)
  2 very ugly things (D:15)
  A broodmother (shapeshifter) (D:15)
  A minotaur (Gauntlet)
  4 dire elephants (Lair:6)
  2 merfolk javelineers (Shoals:3)
  Josephine (D:14)
  A great orb of eyes (D:15)
  12 hydras
  4 boulder beetles
  An ogre mage (D:15)
  4 vault guards (D:13)
  6 centaur warriors
  A catoblepas (D:15)
  A death knight (D:15)
  3 satyrs
  6 two-headed ogres
  3 orc high priests (Orc:2)
  A death yak (Lair:6)
  Urug (Orc:2)
  Sonja (Orc:1)
  A spectral dire elephant (Lair:6)
  Nergalle (Lair:1)
  A deep elf knight (D:13)
  5 sixfirhies (Gauntlet)
  12 skeletal warriors
  A spectral death yak (Lair:6)
  A fire crab (Lair:5)
  8 sea snakes
  A spectral anaconda (Lair:6)
  An obsidian statue (Lair:6)
  3 wizards
  5 lindwurms
  2 deep elf pyromancers
  10 orc knights
  17 harpies
  3 necromancers (Lair:6)
  9 ugly things
  22 fauns
  A salamander (shapeshifter) (D:13)
  3 orc sorcerers (Orc:2)
  3 manticores
  5 merfolk sirens
  13 elephants
  3 cyclopes
  A black mamba (Lair:6)
  6 water nymphs
  A gargoyle (D:13)
  2 torpor snails
  A smoke demon (Gauntlet)
  Maggie (D:7)
  13 cane toads
  A dire elephant skeleton (Lair:6)
  A kobold demonologist (D:5)
  An efreet (D:9)
  4 unseen horrors
  A rime drake (Lair:6)
  7 komodo dragons
  2 freezing wraiths (D:15)
  A yaktaur (D:13)
  7 merfolk
  A polar bear (Lair:5)
  2 trolls
  4 wind drakes
  2 hornets
  2 spectral elephants (Lair:6)
  7 slime creatures
  3 snapping turtles
  10 blink frogs
  A meliai zombie (D:10)
  2 centaur simulacra
  Sigmund (D:5)
  A dire elephant simulacrum (Lair:6)
  5 wyverns
  5 hogs (Shoals:2)
  3 water elementals
  49 yaks
  5 basilisks
  A human (Shoals:2)
  4 steam dragons
  9 wraiths
  3 wargs
  3 acid dragons
  10 vampire mosquitoes
  18 water moccasins
  An ice beast (D:7)
  21 orc warriors
  3 sky beasts (D:11)
  2 elephant zombies (Lair:6)
  A black bear (D:11)
  A black bear (shapeshifter) (D:14)
  5 boggarts (D:14)
  A tengu (shapeshifter) (D:15)
  A necrophage (D:5)
  14 ogres
  10 wolves
  9 centaurs
  3 kobold brigands
  2 phantoms
  14 bullfrogs
  A bullfrog (shapeshifter) (D:15)
  3 scorpions (D:5)
  3 cane toad simulacra (Lair:6)
  2 water moccasin skeletons
  2 elephant simulacra (Lair:6)
  2 howler monkeys
  2 vampire bats (Lair:5)
  5 wights
  8 electric eels
  4 crimson imps
  4 centaur zombies (D:9)
  4 hounds
  A bullfrog skeleton (D:5)
  19 orc priests
  3 jellies
  3 iguanas
  Ijyb (D:3)
  Terence (D:3)
  20 orc wizards
  2 killer bee zombies
  2 hound skeletons (D:4)
  3 mummies
  A howler monkey zombie (D:6)
  4 gnolls
  2 howler monkey skeletons
  7 adders
  3 shadow imps
  3 white imps
  4 ufetubi
  4 adder zombies (Ossuary)
  A worm (D:3)
  4 dart slugs
  96 orcs
  3 endoplasms
  3 giant cockroaches
  4 gnoll zombies (Ossuary)
  12 goblins
  11 hobgoblins
  11 jackals
  14 kobolds
  3 quokkas
  10 ball pythons
  10 bats
  4 frilled lizards
  5 hobgoblin zombies (Ossuary)
  5 kobold zombies (Ossuary)
  2 orc zombies (Ossuary)
  8 rats
808 creatures vanquished.

Vanquished Creatures (collateral kills)
  A merfolk aquamancer (Shoals:1)
  4 water elementals (Shoals:1)
5 creatures vanquished.

Vanquished Creatures (others)
  An unseen horror (D:11)
  A human (Shoals:2)
  An orc (D:10)
  29 demonic plants (Gauntlet)
  281 fulminant prisms
  66 fungi
  145 plants
  4 toadstools (D:11)
  40 withered plants (Lair:6)
568 creatures vanquished.

Grand Total: 1381 creatures vanquished

Notes
Turn   | Place    | Note
-------+----------+-------------------------------------------
     0 | D:1      | concernfroge the Deep Elf Conjurer began the quest for the
                  | Orb.
     0 | D:1      | Reached XP level 1. HP: 10/10 MP: 6/6
     0 | D:1      | Noticed a large abomination
     0 | D:1      | Noticed a tentacled monstrosity
     1 | D:1      | Noticed a shadow dragon
     3 | D:1      | Noticed an orb of fire
     5 | D:1      | Noticed a shadow dragon
     6 | D:1      | Noticed a red draconian
     8 | D:1      | Noticed an orb of fire
     9 | D:1      | Noticed a tentacled monstrosity
    11 | D:1      | Noticed a tentacled monstrosity
    11 | D:1      | Noticed a green draconian
    13 | D:1      | Noticed a shadow dragon
    13 | D:1      | Noticed an orb of fire
    15 | D:1      | Noticed an iron dragon
    17 | D:1      | Noticed a large abomination
    17 | D:1      | Noticed an ice dragon
    17 | D:1      | Noticed an ice dragon
    19 | D:1      | Noticed a purple draconian
    19 | D:1      | Noticed an ice dragon
    21 | D:1      | Noticed a tentacled monstrosity
   136 | D:1      | Reached XP level 2. HP: 9/15 MP: 0/8
   139 | D:1      | Learned a level 2 spell: Searing Ray
   630 | D:1      | Reached skill level 4 in Spellcasting
   641 | D:1      | Reached skill level 5 in Conjurations
   641 | D:1      | Reached XP level 3. HP: 19/19 MP: 1/10
   645 | D:1      | Learned a level 3 spell: Dazzling Flash
  1665 | D:1      | Found a faded altar of an unknown god.
  2058 | D:2      | Reached XP level 4. HP: 24/24 MP: 6/12
  2110 | D:2      | Learned a level 4 spell: Fulminant Prism
  2962 | D:3      | Noticed Terence
  2970 | D:3      | Killed Terence
  2971 | D:3      | Reached skill level 1 in Hexes
  3091 | D:3      | Found a shadowy altar of Dithmenos.
  3098 | D:3      | Reached skill level 5 in Spellcasting
  3192 | D:3      | Reached XP level 5. HP: 28/28 MP: 7/14
  3197 | D:3      | Learned a level 4 spell: Iskenderun's Mystic Blast
  3931 | D:3      | Found an opulent altar of Gozag.
  4047 | D:3      | Noticed Ijyb
  4052 | D:3      | Killed Ijyb
  4257 | D:4      | Reached XP level 6. HP: 32/32 MP: 7/16
  4417 | D:4      | Reached skill level 1 in Translocations
  4472 | D:4      | Reached skill level 6 in Spellcasting
  4717 | D:4      | Found Kuch's Weapon Shoppe.
  4900 | D:4      | Reached XP level 7. HP: 25/36 MP: 9/18
  5181 | D:4      | Found a staircase to the Ecumenical Temple.
  5205 | Temple   | Entered the Ecumenical Temple
  5415 | Temple   | Became a worshipper of Vehumet
  5456 | D:5      | Entered Level 5 of the Dungeon
  5774 | D:4      | Found a shimmering blue altar of Sif Muna.
  6093 | D:5      | Reached skill level 7 in Spellcasting
  6150 | D:5      | Reached skill level 5 in Hexes
  6442 | D:5      | Reached XP level 8. HP: 16/41 MP: 8/21
  6800 | D:5      | Noticed a kobold demonologist
  6815 | D:5      | Noticed Sigmund
  6825 | D:5      | Killed Sigmund
  6826 | D:5      | Reached skill level 8 in Spellcasting
  7006 | D:5      | Killed a kobold demonologist
  7006 | D:5      | Reached * piety under Vehumet
  7006 | D:5      | Offered knowledge of Freeze by Vehumet.
  7007 | D:5      | Reached skill level 5 in Translocations
  7405 | D:6      | Reached XP level 9. HP: 46/46 MP: 20/23
  7439 | D:6      | Reached skill level 1 in Evocations
  7453 | D:6      | Reached skill level 1 in Fighting
  7583 | D:6      | Found an iron altar of Okawaru.
  7696 | D:6      | Noticed a six-headed hydra
  7779 | D:6      | Found a sand-covered staircase.
  7787 | Ossuary  | Entered an ossuary
  8587 | D:6      | Reached ** piety under Vehumet
  8719 | D:6      | Offered knowledge of Foxfire by Vehumet.
  8869 | D:6      | Found a white marble altar of Elyvilon.
  8872 | D:6      | Found a sparkling altar of Nemelex Xobeh.
  9182 | D:6      | Killed a six-headed hydra
  9183 | D:6      | Reached skill level 5 in Dodging
  9897 | D:7      | Noticed Maggie
  9904 | D:7      | Killed Maggie
  9905 | D:7      | Reached skill level 5 in Evocations
 10184 | D:7      | Killed an unseen horror
 10185 | D:7      | Reached XP level 10. HP: 45/56 MP: 11/24
 10682 | D:8      | Offered knowledge of Scorch by Vehumet.
 10813 | D:8      | Found a flagged portal.
 10844 | Bailey   | Entered a bailey
 10865 | Bailey   | Noticed an orc knight
 10870 | Bailey   | Reached *** piety under Vehumet
 11153 | Bailey   | Noticed an orc knight
 11311 | Bailey   | Noticed an orc knight
 11323 | Bailey   | Killed an orc knight
 11330 | Bailey   | Killed an orc knight
 11331 | Bailey   | Reached skill level 5 in Fighting
 11333 | Bailey   | Killed an orc knight
 11497 | Bailey   | Identified the +0 pair of gloves of Freedom {rC+}
 11846 | D:8      | Found a burning altar of Makhleb.
 11850 | D:8      | Offered knowledge of Mephitic Cloud by Vehumet.
 11853 | D:8      | Learned a level 1 spell: Apportation
 12024 | D:8      | Noticed a two-headed ogre
 12029 | D:8      | Killed a two-headed ogre
 12320 | D:8      | You fall into a shaft and drop 2 floors!
 12320 | D:10     | Entered Level 10 of the Dungeon
 12539 | D:10     | Reached XP level 11. HP: 46/64 MP: 10/25
 12647 | D:10     | Noticed an eight-headed hydra
 12655 | D:10     | Killed an eight-headed hydra
 13645 | D:9      | Found a staircase to the Orcish Mines.
 14057 | D:9      | Noticed a boulder beetle
 14083 | D:9      | Killed a boulder beetle
 14336 | D:9      | Noticed a two-headed ogre
 14341 | D:9      | Killed a two-headed ogre
 14462 | D:9      | Reached skill level 10 in Dodging
 14469 | D:9      | Noticed an eight-headed hydra
 14475 | D:9      | Killed an eight-headed hydra
 14475 | D:9      | Reached **** piety under Vehumet
 14583 | D:9      | Found Ecoyn's Assorted Antiques.
 14589 | D:9      | Bought a worn bone wand for 100 gold pieces
 14589 | D:9      | Bought a wand of flame (4) for 25 gold pieces
 14589 | D:9      | Bought a pair of runed boots for 187 gold pieces
 14589 | D:9      | Bought a scroll of teleportation for 75 gold pieces
 14664 | D:9      | Noticed a centaur warrior
 14668 | D:9      | Killed a centaur warrior
 14883 | D:9      | Noticed a wizard
 14886 | D:9      | Killed a wizard
 15171 | D:9      | Offered knowledge of Sticky Flame by Vehumet.
 15964 | D:11     | Noticed a red ugly thing
 15971 | D:11     | Killed a red ugly thing
 15972 | D:11     | Reached skill level 10 in Evocations
 16183 | D:11     | Noticed a two-headed ogre
 16187 | D:11     | Killed a two-headed ogre
 16188 | D:11     | Reached XP level 12. HP: 73/73 MP: 12/26
 16281 | D:11     | Found a staircase to the Lair.
 16883 | Lair:1   | Entered Level 1 of the Lair of Beasts
 16893 | Lair:1   | Noticed Nergalle
 16900 | Lair:1   | Killed Nergalle
 17278 | Lair:1   | Reached ***** piety under Vehumet
 17278 | Lair:1   | Offered knowledge of Fireball by Vehumet.
 18298 | Lair:2   | Noticed a five-headed hydra
 18306 | Lair:2   | Killed a five-headed hydra
 18311 | Lair:2   | Reached skill level 10 in Fighting
 18326 | Lair:2   | Noticed a five-headed hydra
 18335 | Lair:2   | Killed a five-headed hydra
 18547 | Lair:2   | Reached skill level 9 in Spellcasting
 18932 | Lair:2   | Identified the ring "Rierurch" {AC+4 Str+7 SInv}
 19121 | Lair:3   | Found a gate leading to a gauntlet.
 19129 | Gauntlet | Entered a Gauntlet
 19129 | Gauntlet | Found a transporter.
 19129 | Gauntlet | Found a transporter.
 19129 | Gauntlet | Found a transporter.
 19138 | Gauntlet | Found a runed translucent door.
 19141 | Gauntlet | Found a transporter.
 19142 | Gauntlet | Found a transporter.
 19150 | Gauntlet | Found a transporter.
 19153 | Gauntlet | Found a transporter.
 19157 | Gauntlet | Found a runed translucent door.
 19157 | Gauntlet | Found a runed translucent door.
 19161 | Gauntlet | Found a transporter.
 19177 | Gauntlet | Noticed a balrug
 19179 | Gauntlet | Found a transporter.
 19198 | Gauntlet | Found a transporter.
 19201 | Gauntlet | Found a transporter.
 19201 | Gauntlet | Noticed a catoblepas
 19211 | Gauntlet | Found a transporter.
 19494 | Gauntlet | Reached skill level 5 in Staves
 19502 | Gauntlet | Identified the +0 hat of Seocsua {rN+ Int+2 Dex+3}
 19541 | Gauntlet | Noticed a minotaur
 19550 | Gauntlet | Killed a minotaur
 19623 | Gauntlet | Identified the +0 ring mail of Duty {rPois Regen+ Dex-3
                  | SInv}
 19632 | Gauntlet | Identified the +0 kite shield of the Meadowlark {rF+ Str+2}
 19706 | Lair:3   | Reached XP level 13. HP: 82/82 MP: 5/28
 20077 | Lair:3   | Found a staircase to the Snake Pit.
 20208 | Lair:3   | Found a staircase to the Shoals.
 22025 | Lair:4   | Identified the +2 robe "Jucvif" {Str+4}
 22917 | Lair:4   | Got Sif Muna's Collected Works on Blistering Conjuration
 22946 | Lair:5   | Reached skill level 10 in Staves
 23428 | Lair:5   | Learned a level 7 spell: Orb of Destruction
 24525 | Lair:6   | Entered Level 6 of the Lair of Beasts
 24827 | Lair:6   | Offered knowledge of Ozocubu's Refrigeration by Vehumet.
 24937 | Lair:6   | Learned a level 5 spell: Iskenderun's Battlesphere
 25084 | Lair:6   | Noticed a dire elephant
 25084 | Lair:6   | Noticed a dire elephant
 25084 | Lair:6   | Noticed a dire elephant
 25118 | Lair:6   | Reached XP level 14. HP: 88/88 MP: 3/29
 25236 | Lair:6   | Reached skill level 10 in Spellcasting
 25677 | Lair:6   | Reached skill level 11 in Spellcasting
 25677 | Lair:6   | Reached skill level 10 in Conjurations
 26210 | Lair:6   | Identified the +5 mace "Qoump" {vorpal, rCorr}
 26412 | Lair:6   | Reached skill level 12 in Spellcasting
 27181 | Lair:6   | Found a runed translucent door.
 27181 | Lair:6   | Found a viscous altar of Jiyva.
 27181 | Lair:6   | Noticed an acid blob
 27233 | Lair:6   | Noticed an acid blob
 27235 | Lair:6   | Found a staircase to the Slime Pits.
 28124 | D:12     | Found a transporter.
 28125 | D:12     | Found a transporter.
 28691 | D:13     | Reached skill level 13 in Spellcasting
 29206 | D:13     | Offered knowledge of Irradiate by Vehumet.
 29724 | D:13     | Found a gate to the Vaults.
 30009 | D:14     | Noticed Jorgrun
 30012 | D:14     | Killed Jorgrun
 30013 | D:14     | Reached XP level 15. HP: 58/92 MP: 18/34
 30020 | D:14     | Noticed Josephine
 30026 | D:14     | Killed Josephine
 31490 | D:15     | Entered Level 15 of the Dungeon
 31594 | D:15     | Reached skill level 14 in Spellcasting
 31848 | D:15     | Reached skill level 10 in Hexes
 32516 | D:15     | Offered knowledge of Iron Shot by Vehumet.
 33071 | D:15     | Found a staircase to the Depths.
 33469 | Orc:1    | Entered Level 1 of the Orcish Mines
 33477 | Orc:1    | Noticed Sonja
 33488 | Orc:1    | Killed Sonja
 33983 | Orc:2    | Entered Level 2 of the Orcish Mines
 34127 | Orc:2    | Noticed Saint Roka
 34133 | Orc:2    | Reached skill level 15 in Spellcasting
 34417 | Orc:2    | Offered knowledge of Yara's Violent Unravelling by Vehumet.
 34511 | Orc:2    | Found a staircase to the Elven Halls.
 34524 | Orc:2    | Noticed Urug
 34528 | Orc:2    | Killed Urug
 34578 | Orc:2    | Killed Saint Roka
 34963 | Orc:2    | Reached XP level 16. HP: 97/97 MP: 10/37
 35136 | Orc:2    | Found Siosu's General Store.
 35136 | Orc:2    | Found Xeushe Citzo's Magic Scroll Shoppe.
 35138 | Orc:2    | Found Inluabb's Antique Weapon Shop.
 35138 | Orc:2    | Found Huodycyo's Book Shoppe.
 35149 | Orc:2    | Bought 3 scrolls of blinking for 292 gold pieces
 35149 | Orc:2    | Bought 3 scrolls of summoning for 370 gold pieces
 35149 | Orc:2    | Bought a scroll of fear for 45 gold pieces
 35149 | Orc:2    | Bought a scroll of blinking for 97 gold pieces
 35151 | Orc:2    | Bought the Reference Book on the Earthen Traveller for 816
                  | gold pieces
 35151 | Orc:2    | Bought a book of Debilitation for 340 gold pieces
 35160 | Orc:2    | Learned a level 8 spell: Disjunction
 35165 | Orc:2    | Learned a level 4 spell: Passage of Golubria
 35167 | Orc:2    | Learned a level 1 spell: Slow
 35173 | Orc:2    | Learned a level 5 spell: Yara's Violent Unravelling
 35559 | Shoals:1 | Entered Level 1 of the Shoals
 35757 | Shoals:1 | Reached skill level 10 in Translocations
 35780 | Shoals:1 | Identified the +2 trident of Circular Logic {vorpal,
                  | Fragile Fly Will+++ rCorr}
 37452 | Shoals:2 | Reached ****** piety under Vehumet
 37645 | Shoals:2 | Noticed Kirke
 37653 | Shoals:2 | Killed Kirke
 37846 | Shoals:2 | Offered knowledge of Starburst by Vehumet.
 37939 | Shoals:2 | Found Wacir's Antique Weapon Shop.
 37984 | Shoals:2 | Found Ufaetr Etudu's Assorted Antiques.
 37997 | Shoals:2 | Bought a wand of flame (7) for 25 gold pieces
 37997 | Shoals:2 | Bought a wand of flame (11) for 25 gold pieces
 38198 | Shoals:2 | Found Arosott's Book Emporium.
 38205 | Shoals:2 | Bought a book of Spatial Translocations for 312 gold pieces
 38209 | Shoals:2 | Learned a level 2 spell: Blink
 38226 | Shoals:2 | Found Ughel's Antique Armour Emporium.
 38405 | Shoals:2 | You fall into a shaft and drop 1 floor!
 38405 | Shoals:3 | Noticed Ilsuiw
 38660 | Shoals:2 | Found Woav's Antique Armour Shop.
 39706 | Shoals:3 | Reached skill level 16 in Spellcasting
 39727 | Shoals:3 | Hit by a javelin thrown by a merfolk javelineer

Illustrated notes

Levels and vault maps discovered:
D:1:      shiori_arrival_whats_in_store_for_you, layout_basic,
          serial_co_window_serial, co_window_corner_a, co_window_corner_a,
          co_window_paths_a, co_window_corner_a, co_window_paths_a,
          co_window_corner_a, co_window_paths_b, co_window_cross_1,
          co_window_of_opportunity_a, co_window_2corner,
          co_window_of_opportunity_b, co_window_corner_ca, co_window_broadway_c,
          glass_columns_b, hellmonk_ecumenical_altar_defaced_shrine
D:2:      layout_basic, palyth_stone_intersect
D:3:      layout_loops_ring, lemuel_coloured_pillars_altar,
          nicolae_dithmenos_shadow_blocks, st_stairs_8, minmay_misc_feat_square,
          uniq_ijyb, uniq_terence
D:4:      layout_loops_cross, kennysheep_orc_sif_temple,
          minmay_temple_entry_proselytizer, serial_shops, shop
D:5:      minmay_clustersquares, layout_rooms, uniq_sigmund
D:6:      layout_gridville, mainiacjoe_overflow_paths, jmf_multi_god_temple,
          gup_ossuary_entry_pyramid, minmay_microvault
D:7:      layout_gridville, uniq_maggie
D:8:      layout_gridville, makhleb_grotto_becter, enter_bailey_5
D:9:      minmay_chambers_of_sevens, layout_loops_corners, orc_0_dummy,
          serial_shops, shop
D:10:     layout_basic, kennysheep_generic_room_5
D:11:     layout_loops_ring, david_lair_generic, grunt_decor_resistance,
          minmay_gold_behind_fungi, hangedman_misty_isle
D:12:     gammafunk_boulding_lane, layout_rooms
D:13:     layout_roguey, grunt_vaults_entry_fortified, kennysheep_generic_room_4
D:14:     layout_roguey, minmay_holes, uniq_jorgrun, uniq_josephine
D:15:     gammafunk_enter_depths_forms, layout_rooms, minmay_misc_feat_columns
Temple:   regret_index_temple_generic_petals
Lair:1:   layout_regular_city, grunt_megastairs_5, serial_bayou_shore_a,
          uniq_nergalle
Lair:2:   layout_small_grid, serial_bayou_pond_a, grunt_megastairs_2
Lair:3:   layout_gridlike, elwin_shoals_entry_rocks, dummy_snake_entry,
          gauntlet_entry_generic, infiniplex_staircase_pool
Lair:4:   layout_layer_cave, minmay_lindwurm_lava
Lair:5:   layout_long_grid, chequers_serial_rivers_room_b, roderic_batcave,
          grunt_megastairs_1
Lair:6:   due_jungle_book, layout_regular_city, slime_altar_2
Shoals:1: cheibrodos_shoals_satyrical_garden, layout_shoals,
          nicolae_shoals_nymph_descending_staircase
Shoals:2: layout_shoals, serial_shops, nicolae_shop_stone, shop, shop,
          shop_fountains, shop_fountains, uniq_kirke
Shoals:3: layout_shoals, nicolae_shoals_elemental_ambush, uniq_ilsuiw
Orc:1:    layout_caves, uniq_sonja
Orc:2:    grunt_orc_tribal_feast, layout_caves, uniq_urug, uniq_saint_roka

Skill      XL: |  1  2  3  4  5  6  7  8  9 10 11 12 13 14 15 16 |
---------------+-------------------------------------------------+-----
Spellcasting   | 4 5 6 7 8 9 13 15 16 | 16.0
Conjurations   | 5 6 7 8 12 13 | 13.5
Hexes          | 1 3 4 5 7 8 11 | 11.6
Translocations | 2 3 5 6 9 14 | 14.4
Evocations     | 5 7 10 | 10.0
Fighting       | 4 5 7 10 | 10.0
Dodging        | 6 9 11 12 | 12.0
Staves         | 5 12 | 12.0
Stealth        | |  2.4

Action                   |  1- 3 |  4- 6 |  7- 9 | 10-12 | 13-15 | 16-18 || total
-------------------------+-------+-------+-------+-------+-------+-------++-------
Melee: Staff             |       |       |       |    10 |    25 |       ||    35
 Cast: Magic Dart        |    88 |    63 |    93 |   168 |   235 |    84 ||   731
       Searing Ray       |     6 |    25 |    40 |    49 |   106 |    17 ||   243
       Fulminant Prism   |       |     4 |    23 |    81 |   145 |    29 ||   282
       Iskenderun's Myst |       |       |    25 |    77 |   197 |    47 ||   346
       Iskenderun's Batt |       |       |       |       |    63 |    38 ||   101
       Orb of Destructio |       |       |       |       |    28 |    16 ||    44
       Dazzling Flash    |       |       |       |       |     1 |       ||     1
       Passage of Golubr |       |       |       |       |       |     2 ||     2
       Slow              |       |       |       |       |       |     1 ||     1
       Blink             |       |       |       |       |       |     1 ||     1
       Yara's Violent Un |       |       |       |       |       |     1 ||     1
Evoke: Wand              |       |       |       |    69 |    52 |     7 ||   128
       Piece from Xom's  |       |       |       |       |     2 |     1 ||     3
  Use: Scroll            |       |       |    17 |    10 |    14 |     9 ||    50
       Potion            |       |       |     5 |     1 |     5 |     3 ||    14
Armor: Robe              |     6 |     1 |     4 |       |       |       ||    11
       Steam dragon scal |       |       |       |    21 |    37 |    12 ||    70
Dodge: Dodged            |    25 |    10 |    14 |    43 |   101 |    43 ||   236
